 Dungeon Crawl Stone Soup version 0.18-a0-211-gcfb53b4 (webtiles) character file.

35 Duffy the Vandal (level 3, 29/32 HPs)
             Began as a Naga Hunter on Nov 24, 2015.
             Quit the game on level 1 of the Dungeon.
             The game lasted 00:01:21 (1393 turns).

Duffy the Vandal (Naga Hunter)                      Turns: 1393, Time: 00:01:21

Health: 29/32      AC:  2    Str: 14    XL:     3   Next: 33%
Magic:  3/3        EV:  9    Int: 12    God:
Gold:   22         SH:  0    Dex: 11    Spells: 0 memorised, 2 levels left

rFire  . . .     SeeInvis +     a - +1 hunting sling
rCold  . . .     Clarity  .     c - +0 leather armour
rNeg   . . .     SustAt   .     (no shield)
rPois  +         Gourm    .     (no helmet)
rElec  .         Spirit   .     (no cloak)
rCorr  .         Warding  .     (no gloves)
rMut   .         Stasis   .     (no barding)
MR     .....                    (no amulet)
Stlth  ++........               (no ring)
                                (no ring)

@: very slow, not resistant to hostile enchantments, unstealthy
A: see invisible, deformed body, poison resistance, slowness 2, slow metabolism
1, spit poison 2, AC +1
a: Spit Poison


You were on level 1 of the Dungeon.
You were hungry.

You visited 1 branch of the dungeon, and saw 1 of its levels.

You collected 22 gold pieces.


Innate Abilities, Weirdness & Mutations

You cannot wear boots.
Your serpentine skin is tough (AC +1).
You have supernaturally acute eyesight.
Armour fits poorly on your strangely shaped body.
Your system is resistant to poisons.
You cover ground very slowly.
You have a slow metabolism.
You can spit poison.


   Skills:
 - Level 2.0 Fighting
 + Level 4.6 Slings
 - Level 1.5 Dodging
 - Level 1.5 Stealth


You had 2 spell levels left.
You didn't know any spells.

Inventory:

Hand Weapons
 a - a +1 hunting sling (weapon)
 b - a +0 short sword
 j - a +1 antimagic dagger
Missiles
 d - 8 sling bullets (quivered)
Armour
 c - a +0 leather armour (worn)
Scrolls
 f - a scroll of amnesia {unknown}
 k - a scroll of recharging {unknown}
 m - a scroll of fog {unknown}
 n - a scroll of remove curse {unknown}
Potions
 g - a potion of heal wounds {unknown}
 h - a potion of curing {unknown}
 i - a potion of beneficial mutation {unknown}
 l - a potion of might {unknown}
Comestibles
 e - a bread ration

Dungeon Overview and Level Annotations

Branches:
Dungeon (1/15)

Altars:


Message History

You shoot a sling bullet. The sling bullet hits the hobgoblin.
The hobgoblin is heavily wounded.
Firing (i - inventory):
d - 10 sling bullets (quivered)
Press: ? - help, Shift-Dir - straight line, f/p - hobgoblin
Aim: a hobgoblin, wielding a club (heavily wounded)
You shoot a sling bullet.
The sling bullet closely misses the hobgoblin.
Firing (i - inventory):
d - 9 sling bullets (quivered)
Press: ? - help, Shift-Dir - straight line, f/p - hobgoblin
Aim: a hobgoblin, wielding a club (heavily wounded)
You shoot a sling bullet.
The sling bullet closely misses the hobgoblin.
The hobgoblin hits you with a club.
Firing (i - inventory):
d - 8 sling bullets (quivered)
Press: ? - help, Shift-Dir - straight line, f/p - hobgoblin
Aim: a hobgoblin, wielding a club (heavily wounded)
You shoot a sling bullet. The sling bullet hits the hobgoblin.
The hobgoblin is severely wounded.
Firing (i - inventory):
d - 7 sling bullets (quivered)
Press: ? - help, Shift-Dir - straight line, f/p - hobgoblin
Aim: a hobgoblin, wielding a club (severely wounded)
You shoot a sling bullet.
The sling bullet closely misses the hobgoblin.
The hobgoblin hits you but does no damage.
Firing (i - inventory):
d - 6 sling bullets (quivered)
Press: ? - help, Shift-Dir - straight line, f/p - hobgoblin
Aim: a hobgoblin, wielding a club (severely wounded)
You shoot a sling bullet. The sling bullet hits the hobgoblin.
You kill the hobgoblin!
No target in view!
No target in view!
f - a scroll labeled LERPHA MOSHRORAF;
d - 8 sling bullets (gained 3)
Things that are here:
a club; a hobgoblin corpse Are you sure you want to abandon this character and quit the game? (Confirm with "yes".)

..# ... ###.## ..#
... #.# ..#
...(####.# ..#
.........# ..#
####.....# # ..#
#.....# #.# .[#
#######(# .. ..#
.......%#.# ..#
######(@..# ..#
.....(.(....... ..#
....(..?(###### ..#
...(...(.( ..#
.....).......#
..####....(........#
....)...............
...............#.####
.............


There were no monsters in sight!

Action                   || total
-------------------------++-------
Melee: Short sword       ||    22
       Dagger            ||    19
 Fire: Hunting sling     ||    81
 Abil: Spit Poison       ||     3

Notes
Turn   | Place    | Note
--------------------------------------------------------------
     0 | D:1      | Duffy the Naga Hunter began the quest for the Orb.
     0 | D:1      | Reached XP level 1. HP: 19/19 MP: 1/1
   780 | D:1      | Reached skill level 4 in Slings
   780 | D:1      | Reached XP level 2. HP: 26/26 MP: 0/2
  1078 | D:1      | Reached XP level 3. HP: 20/32 MP: 3/3
  1393 | D:1      | Quit the game

Vault maps used:
D:1:      dpeg_arrival_castle

Vanquished Creatures
  An ooze
  A giant gecko
  4 hobgoblins
  A ball python
  4 bats
  2 giant newts
  3 goblins
  6 kobolds
  9 rats
31 creatures vanquished.
